 Dungeon Crawl Stone Soup version 0.30.0-19-g36f170ea60 (webtiles) character file.

Game seed: 8351533736086758309

389 Graphine the Ducker (level 6, -5/51 HPs)
             Began as a Merfolk Monk on May 29, 2023.
             Splashed by a jelly's acid (11 damage)
             ... on level 4 of the Dungeon.
             The game lasted 00:07:48 (2476 turns).

Graphine the Ducker (Merfolk Monk)                  Turns: 2476, Time: 00:07:48

Health: -5/51      AC:  0    Str: 12    XL:     6   Next: 79%
Magic:  6/6        EV: 13    Int:  9    God:
Gold:   187        SH:  8    Dex: 18    Spells: 5/5 levels left

rFire   . . .        a - +0 falchion
rCold   . . .        j - +0 kite shield
rNeg    . . .        l - +2 robe {Will+}
rPois   .            (no helmet)
rElec   .            (no cloak)
rCorr   .            (no gloves)
SInv    .            (no boots)
Will    +....        (no amulet)
Stlth   ++           (no ring)
HPRegen 0.28/turn    (no ring)
MPRegen 0.10/turn

%: no passive effects
@: corroded
A: (nimble swimmer 2), mertail
a: no special abilities


You were on level 4 of the Dungeon.
You visited 1 branch of the dungeon, and saw 4 of its levels.

You collected 187 gold pieces.

Inventory:

Hand Weapons
 a - a +0 falchion (weapon)
Missiles
 n - a throwing net (quivered)
Armour
 d - an orb of light
 f - a +0 leather armour
 j - a +0 kite shield (worn)
 l - a +2 robe of willpower (worn)
Wands
 o - a wand of flame (11)
Scrolls
 b - a scroll of noise
 m - a scroll of immolation
Potions
 c - a potion of ambrosia
 e - a potion of flight
 g - a potion of resistance
 h - 2 potions of degeneration
 i - a potion of might {unknown}
 k - a potion of curing
 p - a potion of lignification {unknown}
 q - a potion of berserk rage {unknown}


   Skills:
 * Level 5.3 Fighting
 * Level 5.9 Long Blades
 * Level 6.5 Dodging


You had 5 spell levels left.
You didn't know any spells.
Your spell library was empty.

Dungeon Overview and Level Annotations

Branches:
Dungeon (4/15)
 Temple: D:4-7

Altars:

Shops:
D:1 (   D:2 (

Annotations:
D:4 2 runed translucent doors


Innate Abilities, Weirdness & Mutations

((You are very nimble when in or above water. (Stealth+, EV+, Speed+++)))
Your lower body shifts to a powerful aquatic tail in water.


Message History

The giant cockroach bites you but does no damage.
You hear an angry hiss.
You hear a shout! x3
Aiming: Throw Flame
Press: ? - help, Shift-Dir - straight line, f/p - wyvern
Aim: a wyvern (severely wounded, 68% to hit)
The puff of flame hits the wyvern.
You kill the wyvern!
You block the jelly's attack.
The jackal bites you but does no damage.
The giant cockroach completely misses you.
The howler monkey barely misses you.
The giant cockroach attacks as you move away!
You block the giant cockroach's attack. The jackal completely misses you.
The jelly barely misses you. You block the howler monkey's attack.
The jackal bites you.
* * * LOW HITPOINT WARNING * * *
There is a large open translucent door, spattered with blood here.
You see here a wyvern corpse.
A hobgoblin comes into view.
The hobgoblin shouts!
The howler monkey barely misses you.
The jackal stops to sniff the ground.
You hit the howler monkey.
The howler monkey is moderately wounded.
The howler monkey hoots and howls with incredible vigour!
You block the jelly's attack. The howler monkey misses you.
The jelly closely misses you.
You hear a shout!
You hear an angry growl.
You hear an angry hiss.
Okay, then.
Hit: a) +0 falchion
Press: ? - help, Dir - move target, f - howler monkey
Aim: a howler monkey (moderately wounded, catching its breath, about 38% to evade your +0 falchion)
You slash the howler monkey!
The howler monkey is heavily wounded.
You block the howler monkey's attack.
The jelly jiggles.
The jelly hits you.
* * * LOW HITPOINT WARNING * * *
The acid corrodes you!
You are splashed with acid!
You die...

##..### ....#
#### #.....##
[...
...##......# ...
#..#......## ..
#.........###.#
#.........(#..#
#..hB......#..#
#.'.##Jh##.....#
## #8@.8##...(#
#8....8#....#
#:....[#....#
#?.?..)#...##
#8....8#...#
##8..8##..##
##++##...# .g..


You could see a howler monkey (catching breath), a jelly, a jackal, a giant
cockroach and a hobgoblin.

Vanquished Creatures
  A wyvern (D:4)
  A centaur (D:3)
  A hound (D:4)
  Jessica (D:3)
  5 adders
  A dart slug (D:1)
  An orc (D:2)
  8 ball pythons
  9 bats
  3 endoplasms
  2 giant cockroaches
  4 goblins
  2 hobgoblins
  6 jackals (D:2)
  6 kobolds
  4 quokkas
  2 frilled lizards
  6 rats
63 creatures vanquished.

Notes
Turn   | Place    | Note
-------+----------+-------------------------------------------
     0 | D:1      | Graphine the Merfolk Monk began the quest for the Orb.
     0 | D:1      | Reached XP level 1. HP: 18/18 MP: 1/1
   228 | D:1      | Reached XP level 2. HP: 24/24 MP: 2/2
   230 | D:1      | Found Unkiun's Weapon Shoppe.
   555 | D:2      | You fall into a shaft and drop 1 floor!
   580 | D:3      | Noticed a centaur
   592 | D:3      | Killed a centaur
   593 | D:3      | Reached skill level 5 in Dodging
   593 | D:3      | Reached XP level 3. HP: 8/30 MP: 3/3
   593 | D:3      | Reached XP level 4. HP: 9/37 MP: 4/4
   719 | D:3      | Noticed Jessica
   733 | D:3      | Killed Jessica
   734 | D:3      | Reached XP level 5. HP: 40/43 MP: 5/5
   834 | D:2      | Reached skill level 5 in Long Blades
  1411 | D:2      | Found Obryeq's Weapon Shop.
  2067 | D:3      | Found a faded altar of an unknown god.
  2442 | D:4      | Reached skill level 5 in Fighting
  2442 | D:4      | Reached skill level 6 in Dodging
  2442 | D:4      | Reached XP level 6. HP: 47/51 MP: 6/6
  2444 | D:4      | Found a large runed translucent door.
  2444 | D:4      | Found a large runed translucent door.
  2444 | D:4      | Noticed a wyvern
  2449 | D:4      | Found a large runed translucent door.
  2449 | D:4      | Found a large runed translucent door.
  2472 | D:4      | Killed a wyvern
  2476 | D:4      | Splashed by a jelly's acid

Illustrated notes

Levels and vault maps discovered:
D:1:      onia_arrival_pentagram, layout_rooms, serial_shops, shop,
          columned_hall_lemuel
D:2:      layout_loops_ring, serial_shops, nicolae_shop_tiny_real_fake_doors,
          grunt_ministairs_9
D:3:      layout_loops_ring, shapermc_ecumenical_altar_acropolis, uniq_jessica
D:4:      layout_cave_pods, grunt_temple_overflow_magic_moments,
          makhleb_blood_cavern_becter, minmay_hollow_rounded_squares,
          uniq_grinder, uniq_menkaure

Skill      XL: |  1  2  3  4  5 |
---------------+----------------+-----
Long Blades    | 4 5 |  5.9
Fighting       | 4 5 |  5.3
Dodging        | 5 6 |  6.5

Action                     |  1- 3 |  4- 6 || total
---------------------------+-------+-------++-------
  Melee: Falchion          |    50 |   164 ||   214
  Evoke: Wand              |       |     5 ||     5
    Use: Scroll            |     1 |     5 ||     6
         Potion            |       |     1 ||     1
   Stab: Sleeping          |     1 |     4 ||     5
 Armour: Leather armour    |    17 |     4 ||    21
         Robe              |       |    56 ||    56
  Dodge: Dodged            |    32 |   127 ||   159
  Block: Kite shield       |    16 |    92 ||   108
